 Dungeon Crawl Stone Soup version 0.28.0-1-gb440e238dd (webtiles) character file.

Game seed: 12575362828674724136

210 horus123 the Sneak (level 5, -6/35 HPs)
             Began as a Vampire Necromancer on Feb 24, 2022.
             Was an Initiate of Dithmenos.
             Killed by divine providence
             ... invoked by an orc priest
              (13 damage)
             ... on level 3 of the Dungeon.
             The game lasted 00:06:46 (2554 turns).

horus123 the Sneak (Vampire Necromancer)            Turns: 2554, Time: 00:06:48

Health: -6/35      AC:  4    Str:  7    XL:     5   Next: 56%
Magic:  2/11       EV: 12    Int: 26    God:    Dithmenos [......]
Gold:   109        SH:  0    Dex: 14    Spells: 8/12 levels left

rFire   . . .      SeeInvis +   b - +3 dagger (venom)
rCold   . . .      Faith    .   (no shield)
rNeg    . . .      Spirit   .   a - +1 robe
rPois   .          Reflect  .   n - +0 helmet
rElec   .          Harm     .   (no cloak)
rCorr   .          Rampage  .   (no gloves)
Will    .....                   (no boots)
Stlth   +++.......              (no amulet)
HPRegen 0.31/turn               e - +6 ring of intelligence
MPRegen 0.12/turn               (no ring)

@: healing quickly
A: alive, fangs 3, see invisible, vampiric 2
a: Exsanguinate, Renounce Religion


You were on level 3 of the Dungeon.
You worshipped Dithmenos.
Dithmenos was noncommittal.
You visited 1 branch of the dungeon, and saw 3 of its levels.

You collected 109 gold pieces.

Inventory:

Hand Weapons
 b - a +3 dagger of venom (weapon)
Armour
 a - a +1 robe (worn)
 n - a +0 helmet (worn)
Jewellery
 e - a +6 ring of intelligence (left hand)
Wands
 o - a wand of flame (26)
Scrolls
 g - 2 scrolls of teleportation
 j - 2 scrolls of identify
 l - a scroll of brand weapon {unknown}
Potions
 c - a potion of heal wounds
 d - a potion of cancellation {unknown}
 f - a potion of brilliance
 h - 2 potions of degeneration {unknown}
 i - a potion of mutation {unknown}
 k - a potion of attraction {unknown}
 m - a potion of lignification {unknown}


   Skills:
 - Level 2.1 Dodging
 + Level 6.8 Stealth
 - Level 4.1 Spellcasting
 - Level 4.3 Necromancy


You had 8 spell levels left.
You knew the following spells:

 Your Spells              Type           Power      Damage    Failure   Level
a - Pain                  Necr           100%       1d9       1%          1
b - Vampiric Draining     Necr           28%        2d8       4%          3

Your spell library contained the following spells:

 Spells                   Type           Power      Damage    Failure   Level
 Animate Skeleton         Necr           56%        N/A       1%          1
 Apportation              Tloc           10%        N/A       9%          1
 Animate Dead             Necr           14%        N/A       14%         4
 Agony                    Necr           28%        N/A       36%         5
 Alistair's Intoxication  Tmut/Pois      3%         N/A       93%         5


Dungeon Overview and Level Annotations

Branches:
Dungeon (3/15)

Altars:
Dithmenos
Elyvilon


Innate Abilities, Weirdness & Mutations

Your natural rate of healing is accelerated.
You have razor-sharp teeth.
You have supernaturally acute eyesight. (SInv)
You are afflicted with vampirism and can become a bat while bloodless.


Message History

The orc writhes in agony.
Okay, then.
The orc writhes in agony.
You kill the orc!
Dithmenos accepts your kill.
Unknown command.
No target in view!
The orc priest calls down the wrath of Beogh upon you.
Beogh smites you!
The orc writhes in agony.
You hit the orc.
You kill the orc!
Dithmenos accepts your kill.
You barely miss the orc. The orc barely misses you.
The orc writhes in agony.
The orc hits you with a +0 whip.
The orc writhes in agony.
The orc closely misses you.
You are too injured to fight recklessly!
You are too injured to fight recklessly!
Aiming: Pain (safe; 1% risk of failure)
Press: ? - help, Q - select action, (/) - cycle Shift-Dir - straight line, f/p - orc
Aim: an orc, wielding a +0 whip and wearing a +0 chain mail (heavily wounded, chance to affect: 93%)
The orc writhes in agony!
You kill the orc!
Dithmenos accepts your kill.
The orc priest calls down the wrath of Beogh upon you.
Pain shoots through your body!
The orc priest invokes the aid of Beogh against you.
Pain shoots through your body!
* * * LOW HITPOINT WARNING * * *
Items here: )) [ ††.
Casting: Pain (safe; 1% risk of failure)
Confirm with . or Enter, or press ? or * to list all spells.
Aiming: Vampiric Draining (dangerous; 4% risk of failure)
Press: ? - help, Shift-Dir - straight line, f - orc priest
Aim: an orc priest, wielding a +0 dagger and wearing a +0 ring mail You draw life force from the orc priest!
You feel life coursing into your body.
The orc priest calls down the wrath of Beogh upon you.
Beogh smites you!
You die...

##.####†##
####...###..#
.....##.#...##
##...##########
......#.#.>...###...>
.#..)..<# .......$.o
........# ....⌠...
.##.#.##.# #....o###
.##.#^# .# #... #.#
......# .# #)###.#
...###. .. #o@...#
...## . .. #####.#
....# ..... ######.#
...## #......# ...#
#.###..# ...# #. #..#
#### #.###.## #######
#.....#
......##########.###


You could see an orc priest.

Vanquished Creatures
  Natasha (thrice) (D:3)
  2 gnolls
  4 adders
  2 worms (D:2)
  A dart slug (D:1)
  6 orcs (D:3)
  5 bats
  8 endoplasms
  4 giant cockroaches (D:2)
  4 goblins
  4 hobgoblins
  2 jackals (D:2)
  3 kobolds
  3 quokkas (D:2)
  6 ball pythons
  3 frilled lizards
  4 rats
64 creatures vanquished.

Vanquished Creatures (others)
  62 plants (D:2)
62 creatures vanquished.

Grand Total: 126 creatures vanquished

Notes
Turn   | Place    | Note
-------+----------+-------------------------------------------
     0 | D:1      | horus123 the Vampire Necromancer began the quest for the
                  | Orb.
     0 | D:1      | Reached XP level 1. HP: 13/13 MP: 3/3
   196 | D:1      | Reached XP level 2. HP: 17/19 MP: 2/5
   643 | D:1      | Gained mutation: You are afflicted with vampirism and can
                  | become a bat while bloodless. [Vampire growth]
   643 | D:1      | Reached XP level 3. HP: 3/24 MP: 1/7
   719 | D:1      | Learned a level 3 spell: Vampiric Draining
  1170 | D:2      | Reached XP level 4. HP: 27/30 MP: 6/10
  1755 | D:3      | Noticed Natasha
  1759 | D:3      | Killed Natasha
  1760 | D:3      | Reached skill level 4 in Stealth
  1904 | D:3      | Reached skill level 5 in Stealth
  1953 | D:3      | Found a shadowy altar of Dithmenos.
  1958 | D:3      | Became a worshipper of Dithmenos the Shadowed
  2131 | D:3      | Reached XP level 5. HP: 35/35 MP: 9/11
  2289 | D:3      | Found a faded altar of an unknown god.
  2393 | D:3      | Noticed Natasha
  2396 | D:3      | Killed Natasha
  2397 | D:3      | Reached skill level 6 in Stealth
  2409 | D:3      | Noticed Natasha
  2416 | D:3      | Killed Natasha
  2554 | D:3      | Killed from afar by an orc priest

Illustrated notes

Levels and vault maps discovered:
D:1:      amcnicky_arrival_single_pillar, layout_rooms, minmay_misc_feat_roman
D:2:      wad_woods_stonehenge, layout_basic
D:3:      layout_loops_cross, mainiacjoe_overflow_alcove_4,
          ebering_ecumenical_altar_rust, serial_shops, nicolae_square_shop,
          grunt_ministairs_12, minivault_25, uniq_natasha

Skill      XL: |  1  2  3  4  5 |
---------------+----------------+-----
Spellcasting   | 3 4 |  4.1
Stealth        | 5 6 |  6.8
Dodging        | |  2.1
Necromancy     | |  4.3

Action                   |  1- 3 |  4- 6 || total
-------------------------+-------+-------++-------
Melee: Short sword       |     8 |       ||     8
       Dagger            |     6 |     4 ||    10
       Bite              |     1 |     1 ||     2
 Cast: Pain              |    53 |    63 ||   116
       Vampiric Draining |       |     1 ||     1
  Use: Scroll            |     2 |     3 ||     5
       Potion            |     1 |       ||     1
 Stab: Sleeping          |     4 |       ||     4
Armor: Robe              |    10 |       ||    10
Dodge: Dodged            |    17 |    10 ||    27
